Map: Shrines of Lizul

Players

MonstroTown - Winner!

  • Race: Terran Terran
  • Spawn Location: 12:00

Michael - Winner!

  • Race: Zerg Zerg
  • League: Gold
  • Spawn Location: 3:00

tCnEvermore

  • Race: Protoss Protoss
  • Spawn Location: 6:00

Monkey

  • Race: Terran Terran
  • Spawn Location: 9:00

VOD

Have the link to the VOD?

Description

Time

  • Played on: Oct. 6, 2018, 5:21 p.m.
  • Length: 3:18
Show
View Real Time Build Order
Export as new Build Order

MonstroTown Terran - Winner!

Build Orders:  

Get SALT Encoding   

  12  0:01  SCV  
  13  0:13  SCV  
  14  0:18  Supply Depot  
  14  0:25  SCV  
  15  0:40  SCV  
  15  0:41  Barracks  
  16  0:52  SCV  
  16  0:56  Barracks  
  17  1:06  SCV  
  18  1:11  Barracks  
  18  1:18  SCV  
  19  1:29  Supply Depot  
  19  1:30  SCV  
  20  1:34  Marine  
  21  1:44  Marine, Barracks  
  22  1:53  Marine  
  23  1:59  Marine  
  24  2:03  Orbital Command  
  24  2:06  Marine  
  25  2:15  Marine  
  26  2:37  Marine x4  
  26  2:44  Bunker  
  30  2:55  Marine  
  31  2:59  Supply Depot  
  31  3:01  Refinery  
  31  3:11  Command Center  
Show
View Real Time Build Order
Export as new Build Order

Michael Zerg - Winner!

Build Orders: Pool First 

Get SALT Encoding   

  12  0:01  Drone  
  13  0:13  Overlord  
  13  0:18  Drone  
  14  0:31  Drone x2  
  14  0:35  Drone  
  17  0:40  Extractor  
  16  0:46  Drone  
  17  0:53  Spawning Pool  
  17  0:56  Drone  
  17  1:08  Drone  
  18  1:39  Hatchery, Queen  
  19  1:43  Metabolic Boost  
  19  1:46  Zergling x2  
  20  1:59  Drone x2  
  20  2:01  Overlord  
  22  2:18  Queen  
  24  2:23  Drone x2  
  26  2:38  Zergling x2  
  26  2:44  Zergling x2  
  28  2:48  Zergling x2  
  28  2:49  Zergling x2  
  28  2:51  Overlord  
  30  3:00  Drone  
  33  3:08  Roach Warren  
Show
View Real Time Build Order
Export as new Build Order

tCnEvermore Protoss 

Build Orders:  

Get SALT Encoding   

  12  0:01  Probe  
  13  0:13  Probe  
  14  0:26  Probe  
  14  0:27  Pylon  
  15  0:36  Assimilator  
  15  0:43  Probe  
  15  0:47  Gateway  
  16  0:54  Probe  
  17  1:04  Probe, Assimilator  
  18  1:16  Probe  
  19  1:24  Pylon  
  19  1:28  Probe  
  20  1:40  Cybernetics Core  
  20  1:41  Probe  
  21  1:49  Probe  
  22  1:57  Probe  
  22  2:09  Probe  
  23  2:19  Stargate  
  23  2:24  Stargate  
  23  2:37  Shield Battery  
  23  2:40  Shield Battery  
  23  2:48  Adept  
Show
View Real Time Build Order
Export as new Build Order

Monkey Terran 

Build Orders:  

Get SALT Encoding   

  12  0:01  SCV  
  13  0:17  SCV  
  14  0:24  Refinery  
  14  0:28  Supply Depot  
  14  0:31  SCV  
  15  0:49  SCV  
  16  0:56  Barracks  
  16  1:02  SCV  
  17  1:07  Refinery  
  17  1:15  SCV  
  18  1:22  Supply Depot  
  18  1:27  SCV  
  19  1:39  SCV  
  20  1:47  Barracks Reactor  
  20  1:48  Factory  
  20  2:00  Orbital Command  
  20  2:18  Supply Depot  
  20  2:42  SCV  
  21  2:52  Marine  
  21  2:55  Supply Depot  
  21  2:56  SCV  
Tags
 
Add a new tag
Caveats
  • Supply blocks, unpowered buildings, or Contaminate may cause inaccurate times.
  • Supply counts are checked every 10 seconds.